 Dungeon Crawl Stone Soup version 0.28.0-49-g6dfe1f597d (webtiles) character file.

Game seed: 8469840282524614550

271 Exodus22XD the Chopper (level 6, -19/53 HPs)
             Began as a Minotaur Fighter on May 14, 2022.
             Was a Follower of Ru.
             Killed from afar by Pikel (27 damage)
             ... with a bolt of acid
             ... on level 4 of the Dungeon.
             The game lasted 00:03:38 (4090 turns).

Exodus22XD the Chopper (Minotaur Fighter)           Turns: 4090, Time: 00:03:39

Health: -19/53     AC:  3    Str: 22    XL:     6   Next: 2%
Magic:  5/5        EV:  9    Int:  5    God:    Ru [*.....]
Gold:   167        SH:  4    Dex: 10    Spells: 5/5 levels left

rFire   . . .      SeeInvis +   a - +0 war axe
rCold   . . .      Faith    .   c - +0 buckler
rNeg    . . .      Spirit   .   b - +0 scale mail
rPois   .          Reflect  .   (helmet restricted)
rElec   .          Harm     .   (no cloak)
rCorr   .          Rampage  .   (no gloves)
Will    .....                   (no boots)
Stlth   ..........              (no amulet)
HPRegen 0.17/turn               f - ring of see invisible
MPRegen 0.09/turn               (no ring)

@: mighty, corroded
A: horns 2, no earth magic, no hexes magic, no necromancy magic, retaliatory
headbutt
a: Renounce Religion


You were on level 4 of the Dungeon.
You worshipped Ru.
Ru was aware of your devotion.
You visited 1 branch of the dungeon, and saw 4 of its levels.

You collected 167 gold pieces.

Inventory:

Hand Weapons
 a - a +0 war axe (weapon)
 t - a +2 flail of protection
Armour
 b - a +0 scale mail (worn)
 c - a +0 buckler (worn)
Jewellery
 f - a ring of see invisible (left hand)
 n - a +6 ring of intelligence
 w - a +6 ring of strength
Wands
 i - a wand of acid (8)
 y - a wand of flame (20)
Scrolls
 e - a scroll of identify {unknown}
 h - a scroll of torment {unknown}
 k - 3 scrolls of fog {unknown}
 l - a scroll of fear {unknown}
 o - a scroll of enchant weapon {unknown}
 p - a scroll of magic mapping {unknown}
 s - a scroll of noise {unknown}
 u - a scroll of teleportation {unknown}
Potions
 g - a potion of curing {unknown}
 j - 2 potions of attraction {unknown}
 m - 3 potions of heal wounds {unknown}
 q - a potion of magic {unknown}
 r - 2 potions of invisibility {unknown}
 v - 3 potions of haste {unknown}
 x - a potion of mutation {unknown}


   Skills:
 + Level 4.6 Fighting
 + Level 5.3 Axes
 + Level 5.1 Armour
 + Level 4.6 Shields


You had 5 spell levels left.
You didn't know any spells.
Your spell library was empty.

Dungeon Overview and Level Annotations

Branches:
Dungeon (4/15)
 Temple: D:4-7

Altars:
Ru

Shops:
D:1 (   D:4 (

Annotations:
D:2 1 runed translucent door, Crazy Yiuf
D:4 Pikel


Innate Abilities, Weirdness & Mutations

You have a pair of horns on your head.
You cannot study or cast Earth magic.
You cannot study or cast Hexes magic.
You cannot study or cast Necromancy magic.
You reflexively headbutt those who attack you in melee.


Message History

The hobgoblin hits you.
A hobgoblin is nearby!
You hit the hobgoblin.
The hobgoblin is severely wounded.
The hobgoblin barely misses you.
A hobgoblin is nearby!
You hit the hobgoblin.
You kill the hobgoblin!
A lemure comes into view.
The lemure shouts!
You hear a shout!
Pikel, Merchant of Souls comes into view.
He is wielding a +1 whip of freezing and carrying a wand of acid (3).
There are monsters nearby!
A lemure comes into view.
The lemure shouts!
A lemure comes into view.
There are monsters nearby!
A lemure comes into view.
The lemure shouts! x2
The lemure hits you but does no damage.
There are monsters nearby!
You slash the lemure!
The lemure is moderately wounded.
The lemure hits you but does no damage.
You hit the lemure but do no damage.
The lemure is moderately wounded.
The lemure hits you but does no damage.
You closely miss Pikel.
Pikel zaps a wand.
The bolt of acid hits you!! The acid corrodes you!
You closely miss Pikel.
Pikel hits you with a +1 whip of freezing.
Pikel freezes you.
You completely miss Pikel. You headbutt Pikel.
Pikel is lightly wounded.
Pikel zaps a wand.
The bolt of acid hits you!!
* * * LOW HITPOINT WARNING * * *
Okay, then.
You feel very mighty all of a sudden.
Pikel zaps a wand.
The bolt of acid hits you!!
Ouch! That really hurt!
You die...

......
..... ....
5.. 55 5#
####K##
#..@..#
#.....#
#.....#
##...##
#....##
#####.....#
#..
#...##....#
#..
#.........#
#..
#.........#
#..


You could see Pikel and 4 lemures.

Vanquished Creatures
  A water moccasin skeleton (D:4)
  An iguana (D:4)
  Ijyb (D:2)
  An orc wizard (D:4)
  5 adders
  An ufetubus (D:2)
  An adder zombie (D:4)
  A worm (D:2)
  A dart slug (D:1)
  5 orcs
  4 endoplasms
  6 giant cockroaches
  9 goblins
  7 hobgoblins
  10 jackals (D:2)
  8 kobolds
  7 ball pythons
  4 bats
  5 frilled lizards
  4 rats
82 creatures vanquished.

Vanquished Creatures (others)
  2 plants (D:1)
2 creatures vanquished.

Grand Total: 84 creatures vanquished

Notes
Turn   | Place    | Note
-------+----------+-------------------------------------------
     0 | D:1      | Exodus22XD the Minotaur Fighter began the quest for the
                  | Orb.
     0 | D:1      | Reached XP level 1. HP: 19/19 MP: 0/0
   159 | D:1      | Found a faded altar of an unknown god.
   181 | D:1      | Prayed at the altar of an unknown god.
   181 | D:1      | Became a worshipper of Ru the Awakened
   204 | D:1      | Gained mutation: You cannot study or cast Earth magic. [Ru
                  | sacrifice]
   204 | D:1      | Gained mutation: You cannot study or cast Hexes magic. [Ru
                  | sacrifice]
   204 | D:1      | Gained mutation: You cannot study or cast Necromancy magic.
                  | [Ru sacrifice]
   204 | D:1      | Reached * piety under Ru
   405 | D:1      | Reached XP level 2. HP: 24/27 MP: 1/1
   705 | D:1      | You fall into a shaft and drop 1 floor!
   827 | D:2      | Reached XP level 3. HP: 32/33 MP: 2/2
   892 | D:2      | Noticed Ijyb
   904 | D:2      | Killed Ijyb
   905 | D:2      | Reached XP level 4. HP: 33/40 MP: 3/3
  1245 | D:2      | Found a runed translucent door.
  1246 | D:2      | Noticed Crazy Yiuf
  1990 | D:1      | Found Vussae's Antique Weapon Shop.
  2996 | D:3      | Reached XP level 5. HP: 44/47 MP: 4/4
  3797 | D:4      | Reached skill level 5 in Axes
  3797 | D:4      | Reached skill level 5 in Armour
  3980 | D:4      | Reached XP level 6. HP: 53/53 MP: 5/5
  4009 | D:4      | Found Osiucli's Antique Weapon Emporium.
  4082 | D:4      | Noticed Pikel
  4090 | D:4      | Killed from afar by Pikel

Illustrated notes

Levels and vault maps discovered:
D:1:      saegor_arrival_fortress, layout_basic,
          hellmonk_ecumenical_altar_heavens_door, serial_shops,
          nicolae_shop_overgrown_old_shop, minmay_crystal_water,
          chequers_serial_rivers_micro_d
D:2:      kennysheep_the_goblin_king, layout_loops_corners,
          minmay_misc_feat_ornament, uniq_crazy_yiuf_cottage
D:3:      layout_loops_ring, minmay_fountain_box
D:4:      layout_gridville, nicolae_gozag_zags_fifth_avenue, serial_shops,
          kennysheep_mini, minmay_misc_feat_doors, st_stairs_6, uniq_pikel

Skill      XL: |  1  2  3  4  5 |
---------------+----------------+-----
Armour         | 4 5 |  5.1
Shields        | 4 |  4.6
Fighting       | 4 |  4.6
Axes           | 3 4 5 |  5.3

Action                   |  1- 3 |  4- 6 || total
-------------------------+-------+-------++-------
Melee: War axe           |    67 |   123 ||   190
       Headbutt          |     7 |    20 ||    27
Invok: Sacrifice Arcana  |     1 |       ||     1
       Reject Sacrifices |       |     1 ||     1
  Use: Potion            |       |     1 ||     1
Armor: Scale mail        |    44 |    44 ||    88
Dodge: Dodged            |    40 |    62 ||   102
Block: Buckler           |    20 |    30 ||    50
